 Dungeon Crawl Stone Soup version 0.22-a0-785-g6253c82ace (webtiles) character file.

664 Holzbalken the Basher (level 7, 0/41 HPs)
             Began as a Gargoyle Monk on July 20, 2018.
             Was an Initiate of Gozag.
             Slain by a wraith (8 damage)
             ... in an ossuary.
             The game lasted 00:19:47 (4434 turns).

Holzbalken the Basher (Gargoyle Monk)               Turns: 4434, Time: 00:19:48

Health: 0/41       AC: 16    Str: 16    XL:     7   Next: 57%
Magic:  7/7        EV:  7    Int: 11    God:    Gozag
Gold:   577        SH:  0    Dex: 12    Spells: 6/6 levels left

rFire    . . .     SeeInvis .   p - +0 flail
rCold    + . .     Gourm    +   (no shield)
rNeg     + . .     Faith    .   x - +3 chain mail
rPois    ∞         Spirit   .   (no helmet)
rElec    +         Reflect  .   (no cloak)
rCorr    .         Harm     .   u - +0 pair of gloves
MR       .....                  (no boots)
Stlth    ..........             l - amulet of the gourmand
HPRegen  0.13/turn              f - ring of protection from cold
MPRegen  0.10/turn              h - ring of poison resistance

@: slowed, very slow
A: negative energy resistance 1, electricity resistance, unbreathing,
petrification resistance, rot immunity, AC +4
a: Potion Petition, Call Merchant, Bribe Branch, Renounce Religion


You were in an ossuary.
You worshipped Gozag.
Gozag was pleased with you.
You were not hungry.

You visited 2 branches of the dungeon, and saw 7 of its levels.
You also visited: Ossuary.

You collected 577 gold pieces.

Inventory:

Hand Weapons
 a - a +0 mace
 p - a +0 flail (weapon)
Armour
 b - a +0 robe
 d - a +1 scale mail
 u - a +0 pair of gloves (worn)
 x - a +3 chain mail (worn)
Jewellery
 f - a ring of protection from cold (left hand)
 h - a ring of poison resistance (right hand)
 l - an amulet of the gourmand (around neck)
 s - an uncursed ring of fire {unknown}
Scrolls
 e - 3 scrolls of teleportation
 m - a scroll of random uselessness {unknown}
 n - 2 scrolls of amnesia
 q - 2 scrolls of identify
 r - a scroll of magic mapping {unknown}
 v - a scroll of remove curse
Potions
 g - a potion of flight {unknown}
 i - a potion of cancellation {unknown}
 j - 2 potions of magic
 o - 2 potions of might {unknown}
 t - a potion of heal wounds {unknown}
 w - a potion of resistance {unknown}
 z - a potion of invisibility {unknown}
Comestibles
 c - 7 rations


   Skills:
 - Level 3.2 Fighting
 + Level 8.6 Maces & Flails
 - Level 2.4 Dodging
 - Level 2.1 Stealth


You had 6 spell levels left.
You didn't know any spells.
Your spell library contained the following spells:

 Spells                   Type           Power        Failure   Level  Hunger
 Magic Dart               Conj           #...         100%        1    ##.....
 Confuse                  Hex            #.......     100%        3    ####...
 Iskenderun's Mystic Bla  Conj           #.......     100%        4    #####..
 Confusing Touch          Hex            #.....       100%        1    ##.....
 Metabolic Englaciation   Hex/Ice        #.........   100%        5    ######.
 Petrify                  Tmut/Erth      #.......     100%        4    #####..
 Fulminant Prism          Conj/Hex       #.........   100%        4    #####..
 Dazzling Spray           Conj/Hex       #.....       100%        3    ####...
 Force Lance              Conj/Tloc      #.......     100%        4    #####..
 Searing Ray              Conj           #.....       100%        2    ###....
 Gell's Gravitas          Tloc           #.........   100%        3    ####...
 Yara's Violent Unravell  Hex/Tmut       #.........   100%        5    ######.


Dungeon Overview and Level Annotations

Branches:
Dungeon (6/15)             Temple (1/1) D:4

Altars:
Cheibriados
Dithmenos
Elyvilon
Fedhas
Gozag
Hepliaklqana
Kikubaaqudgha
Makhleb
Nemelex Xobeh
Okawaru
Ru
Sif Muna
Trog
Uskayaw
Vehumet
Wu Jian
Xom
Yredelemnul
Zin
The Shining One
Jiyva

Shops:
D:4 *


Innate Abilities, Weirdness & Mutations

You are resistant to torment.
Your stone body is resilient. (AC +4)
You are immune to poison.
You resist negative energy. (rN+)
You are resistant to electric shocks. (rElec)
You can survive without breathing.
You are immune to petrification.
You are immune to rotting.


Message History

You are too injured to fight recklessly!
You are too injured to fight recklessly!
You are too injured to fight recklessly!
You are too injured to fight recklessly!
You are too injured to fight recklessly!
You are too injured to fight recklessly!
You barely miss the wraith.
The wraith is almost destroyed.
The wraith hits you!
* * * LOW HITPOINT WARNING * * *
The wraith drains your vigour!
You feel as though you will be slow longer.
You hit the wraith.
The wraith is almost destroyed.
The wraith hits you but does no damage. The wraith closely misses you.
You hit the wraith but do no damage.
The wraith is almost destroyed.
The wraith hits you!
You die...
Your body crumbles into a pile of gold.

##########
.......@.#
.###.##W.# .
#.# #.#.#.#
#.###.###.###.#
#.............#
#.............#
#.###.!!!.###.#
#.#z#./?!.#z#.#
#.###.!!/.###.#


You could see a wraith.

Vanquished Creatures
  A bullfrog (D:6)
  2 scorpions
  2 wights (Ossuary)
  A crimson imp (D:5)
  2 jellies (D:5)
  3 orc wizards
  3 worker ants
  A howler monkey skeleton (D:4)
  6 adders
  An ooze (D:3)
  2 worms (D:4)
  2 dart slugs
  18 orcs
  2 giant cockroaches
  2 gnoll zombies (D:3)
  6 goblins
  2 hobgoblins
  3 jackals (D:2)
  2 ball pythons
  8 bats
  4 frilled lizards
  2 hobgoblin skeletons (Ossuary)
  A hobgoblin zombie (Ossuary)
  9 kobolds
  A kobold zombie (Ossuary)
  An orc skeleton (Ossuary)
  2 orc zombies (Ossuary)
  2 rats
91 creatures vanquished.

Notes
Turn   | Place    | Note
-------+----------+-------------------------------------------
     0 | D:1      | Holzbalken the Gargoyle Monk began the quest for the Orb.
     0 | D:1      | Reached XP level 1. HP: 14/14 MP: 1/1
   146 | D:1      | Reached XP level 2. HP: 16/19 MP: 2/2
   597 | D:1      | Reached skill level 4 in Maces & Flails
   680 | D:2      | Reached XP level 3. HP: 22/23 MP: 3/3
   778 | D:2      | Found a snail-covered altar of Cheibriados.
  1151 | D:2      | Reached XP level 4. HP: 27/28 MP: 4/4
  1193 | D:2      | Reached skill level 5 in Maces & Flails
  1707 | D:3      | Found a hide-covered altar of Uskayaw.
  1718 | D:3      | Found a shadowy altar of Dithmenos.
  1720 | D:3      | Found a white marble altar of Elyvilon.
  1728 | D:3      | Found a sacrificial altar of Ru.
  1728 | D:3      | Found a glowing golden altar of the Shining One.
  1737 | D:3      | Found a bloodstained altar of Trog.
  1781 | D:3      | Reached XP level 5. HP: 32/32 MP: 5/5
  1822 | D:3      | Found a basalt altar of Yredelemnul.
  2376 | D:4      | Found an opulent altar of Gozag.
  2379 | D:4      | Found Gozag's Platinum Reserve.
  2394 | D:4      | Became a worshipper of Gozag Ym Sagoz the Greedy
  2555 | D:4      | Reached skill level 6 in Maces & Flails
  2814 | D:4      | Reached XP level 6. HP: 35/37 MP: 6/6
  2976 | D:4      | Reached skill level 7 in Maces & Flails
  2994 | D:4      | Found a staircase to the Ecumenical Temple.
  2999 | Temple   | Entered the Ecumenical Temple
  3308 | D:5      | Entered Level 5 of the Dungeon
  3696 | D:5      | Reached XP level 7. HP: 38/41 MP: 7/7
  3725 | D:5      | Found a radiant altar of Vehumet.
  3726 | D:5      | Found a burning altar of Makhleb.
  3731 | D:5      | Reached skill level 8 in Maces & Flails
  4112 | D:6      | Found a sand-covered staircase.
  4126 | Ossuary  | Entered an ossuary
  4234 | Ossuary  | Noticed a flying skull
  4234 | Ossuary  | Noticed a wraith
  4241 | Ossuary  | Noticed a flying skull
  4296 | Ossuary  | Noticed a flying skull
  4410 | Ossuary  | Noticed a wraith
  4434 | Ossuary  | Slain by a wraith

Vault maps used:
D:1:      mrwooster_arrival_statue, wad_floor_pattern_1
D:2:      kennysheep_slug_shrine
D:3:      lemuel_zombie_altar_yredelemnul, minitemple
D:4:      nicolae_gozag_zags_fifth_avenue, minmay_temple_entry_glassed_door,
          first_ration, hex_tiny
D:5:      grunt_temple_overflow_lords_of_destruction, hangedman_decor_lopped
D:6:      nicolae_ossuary_entry_monument, uniq_duvessa
Temple:   pf_slimified_temple
Ossuary:  ossuary_due_cavern

Skill      XL: |  1  2  3  4  5  6  7 |
---------------+----------------------+-----
Maces & Flails | 4 5 6 7 8 |  8.6
Fighting       | |  3.2
Dodging        | |  2.4
Stealth        | |  2.1

Action                   |  1- 3 |  4- 6 |  7- 9 || total
-------------------------+-------+-------+-------++-------
Melee: Mace              |   109 |   194 |       ||   303
       Flail             |       |    37 |    79 ||   116
Invok: Potion Petition   |       |     1 |       ||     1
  Use: Scroll            |       |     7 |       ||     7
       Potion            |       |       |     5 ||     5
  Eat: Chunk             |     1 |     5 |       ||     6
       Ration            |       |     1 |     1 ||     2
Armor: Scale mail        |    78 |   130 |     3 ||   211
       Chain mail        |       |       |    30 ||    30
Dodge: Dodged            |    80 |   140 |    29 ||   249

Table legend:
 A = Spawn XP
 B = Non-spawn XP
 C = Spawn XP percentage of total XP
 D = Spawn monster count
 E = Non-spawn monster count
 F = Spawn count percentage of total count
 G = Total turns spent on level
                    A         B        C        D         E        F      G
               +---------+---------+-------+---------+---------+-------+---------
         Total |       0 |     949 |   0.0 |       0 |      91 |   0.0 |  4434
               +---------+---------+-------+---------+---------+-------+---------
           D:1 |       0 |      30 |   0.0 |       0 |      17 |   0.0 |   660
           D:2 |       0 |      77 |   0.0 |       0 |      18 |   0.0 |   980
           D:3 |       0 |     105 |   0.0 |       0 |      18 |   0.0 |   662
           D:4 |       0 |     246 |   0.0 |       0 |      21 |   0.0 |   901
           D:5 |       0 |     277 |   0.0 |       0 |       7 |   0.0 |   599
           D:6 |       0 |      93 |   0.0 |       0 |       1 |   0.0 |   219
       Ossuary |       0 |     121 |   0.0 |       0 |       9 |   0.0 |   308
               +---------+---------+-------+---------+---------+-------+---------
